 Dungeon Crawl Stone Soup version 0.27.0-1-g7a089689b8 (webtiles) character file.

Game seed: 5402030283007120515

130 Anothat the Shield-Bearer (level 5, -8/43 HPs)
             Began as a Formicid Fighter on Aug 14, 2021.
             Mangled by an orc (18 damage)
             ... on level 3 of the Dungeon.
             The game lasted 00:02:33 (2816 turns).

Anothat the Shield-Bearer (Formicid Fighter)        Turns: 2816, Time: 00:02:34

Health: -8/43      AC:  9    Str: 21 (22) XL:     5   Next: 36%
Magic:  5/5        EV:  6    Int:  6 (7)  God:
Gold:   93         SH:  9    Dex: 10      Spells: 4/4 levels left

rFire    . . .     SeeInvis +   a - +0 war axe
rCold    . . .     Faith    .   c - +0 kite shield
rNeg     . . .     Spirit   .   i - +0 chain mail
rPois    .         Reflect  .   (helmet unavailable)
rElec    .         Harm     .   (no cloak)
rCorr    .         Rampage  .   (no gloves)
Will     .....                  (no boots)
Stlth    ..........             (no amulet)
HPRegen  0.14/turn              (no ring)
MPRegen  0.09/turn              (no ring)

@: no status effects
A: permanent stasis, dig shafts and tunnels, antennae 3, four strong arms
a: Dig, Shaft Self


You were on level 3 of the Dungeon.
You visited 1 branch of the dungeon, and saw 3 of its levels.

You collected 93 gold pieces.

Inventory:

Hand Weapons
 a - a +0 war axe (weapon)
Armour
 b - a +0 scale mail
 c - a +0 kite shield (worn)
 i - a +0 chain mail (worn)
Jewellery
 g - an amulet of the acrobat
 n - an amulet of regeneration
Scrolls
 d - a scroll of holy word {unknown}
 e - 4 scrolls of teleportation {unknown}
 f - a scroll of noise {unknown}
 h - 2 scrolls of brand weapon {unknown}
 j - a scroll of fear {unknown}
 k - a scroll of immolation {unknown}
 l - a scroll of identify {unknown}
 m - a scroll of amnesia {unknown}


   Skills:
 + Level 4.5 Fighting
 + Level 3.3 Axes
 - Level 3.2 Armour
 + Level 4.9 Shields


You had 4 spell levels left.
You didn't know any spells.
Your spell library contained the following spells:

 Spells                   Type           Power      Damage    Failure   Level
 Animate Skeleton         Necr           0%         N/A       100%        1
 Pain                     Necr           0%         1d4       100%        1
 Vampiric Draining        Necr           0%         2d6       100%        3


Dungeon Overview and Level Annotations

Branches:
Dungeon (3/15)

Altars:


Innate Abilities, Weirdness & Mutations

You cannot be hasted, slowed, berserked, paralysed or teleported.
You can dig through walls and to a lower floor.
You have a pair of large antennae on your head. (SInv)
Your four strong arms can wield two-handed weapons with a shield.


Message History

You hit the orc priest.
The orc priest is moderately wounded.
You slash the orc!
You kill the orc!
The orc priest hits you with a +0 dagger.
The orc priest hits you but does no damage.
You hit the orc priest but do no damage.
The orc priest is moderately wounded.
You hit the orc. The orc hits you but does no damage.
The orc priest hits you with a +0 dagger.
The orc barely misses you.
You closely miss the orc.
The orc is almost dead.
You hit the orc priest.
The orc priest invokes the aid of Beogh against you.
Beogh smites you! The orc hits you but does no damage.
You block the orc priest's attack.
Your chain mail prevents you from hitting the orc.
The orc is almost dead.
You hit the orc priest. You block the orc's attack.
The orc priest calls down the wrath of Beogh upon you.
Pain shoots through your body!
* * * LOW HITPOINT WARNING * * *
You are too injured to fight recklessly!
You are too injured to fight recklessly!
You are too injured to fight recklessly!
You are too injured to fight recklessly!
You are too injured to fight recklessly!
You are too injured to fight recklessly!
You are too injured to fight recklessly!
You are too injured to fight recklessly!
You are too injured to fight recklessly!
You are too injured to fight recklessly!
You are too injured to fight recklessly!
You are too injured to fight recklessly!
You hit the orc priest.
You kill the orc priest!
You barely miss the orc. The orc hits you but does no damage. x2
You are electrocuted!!
You die...

#.....# #. ##. #.....
#. # ... ####. #. ..
#.... # #.... #### ###
#.##. #.##.#. #.. ..#
#.##. #...... #.# #.#
#.##. #....o##.####.#
#.##. #....)@.....#.###
#....
#.....##.##.....######.
#..... #.####.#........
###### #.. ...#########
########


You could see an orc.

Vanquished Creatures
  An orc priest (D:3)
  Natasha (D:2)
  3 adders (D:2)
  A worm (D:2)
  3 dart slugs
  4 orcs (D:3)
  10 ball pythons
  5 endoplasms
  4 giant cockroaches
  2 goblins (D:2)
  5 hobgoblins
  4 jackals (D:3)
  5 quokkas
  3 bats
  3 frilled lizards (D:2)
  5 kobolds
  3 rats (D:2)
62 creatures vanquished.

Notes
Turn   | Place    | Note
-------+----------+-------------------------------------------
     0 | D:1      | Anothat the Formicid Fighter began the quest for the Orb.
     0 | D:1      | Reached XP level 1. HP: 18/18 MP: 1/1
   210 | D:1      | Reached XP level 2. HP: 22/24 MP: 2/2
  1071 | D:2      | Reached XP level 3. HP: 30/30 MP: 3/3
  1253 | D:2      | Reached XP level 4. HP: 25/37 MP: 4/4
  1346 | D:2      | Found a faded altar of an unknown god.
  1417 | D:2      | Noticed Natasha
  1430 | D:2      | Killed Natasha
  2227 | D:3      | Reached XP level 5. HP: 39/42 MP: 5/5
  2816 | D:3      | Mangled by an orc

Illustrated notes

Levels and vault maps discovered:
D:1:      dpeg_arrival_signposts, layout_basic
D:2:      layout_basic, chequers_ecumenical_altar_island, uniq_natasha
D:3:      layout_loops_cross

Skill      XL: |  1  2  3  4 |
---------------+-------------+-----
Shields        | 4 |  4.9
Fighting       | 4 |  4.5
Axes           | 3 |  3.3
Armour         | |  3.2

Action                   |  1- 3 |  4- 6 || total
-------------------------+-------+-------++-------
Melee: War axe           |    55 |    72 ||   127
  Use: Potion            |       |     2 ||     2
Armor: Scale mail        |    10 |       ||    10
       Chain mail        |    19 |    41 ||    60
Dodge: Dodged            |    23 |    19 ||    42
Block: Kite shield       |    39 |    48 ||    87
